 Dungeon Crawl Stone Soup version 0.16-a0-296-gbdb9f68 (webtiles) character file.

3 Kashira the Sneak (level 1, -1/15 HPs)
             Began as a Naga Enchanter on Aug 29, 2014.
             Slain by a hobgoblin
             ... wielding a +0 club
              (4 damage)
             ... on Level 1 of the Dungeon.
             The game lasted 00:01:30 (415 turns).

Kashira the Sneak (Naga Enchanter)                   Turns: 415, Time: 00:01:30

HP  -1/15        AC  4     Str 10      XL: 1   Next: 50%
MP   2/3         EV 10     Int 15      God:
Gold 18          SH  0     Dex 11      Spells:  1 memorised,  3 levels left

rFire  . . .     SeeInvis +     a - +1 dagger
rCold  . . .     Clarity  .     b - +1 robe
rNeg   . . .     rCorr    .     (no shield)
rPois  +         rRot     .     (no helmet)
rElec  .         Spirit   .     e - +1 cloak
SustAb .         Warding  .     (no gloves)
rMut   .         Stasis   .     (no barding)
Gourm  .                        (no amulet)
MR     .....                    (no ring)
                                (no ring)

@: very slow, not resistant to hostile enchantments, fairly stealthy
A: spit poison, see invisible, deformed body, poison resistance, slowness 2
a: Spit Poison


You were on level 1 of the Dungeon.
You were not hungry.

You visited 1 branch of the dungeon, and saw 1 of its levels.

You collected 18 gold pieces.

Inventory:

Hand weapons
 a - a +1 dagger (weapon)
Armour
 b - a +1 robe (worn)
 e - a +1 cloak (worn)
Comestibles
 d - a bread ration
Potions
 f - a potion of curing {unknown}
 g - a potion of brilliance {unknown}
Books
 c - a book of Maledictions

   Spells                             Type                      Level
   *Corona                            Hexes                        1
   Sure Blade                         Hexes/Charms                 2
   Ensorcelled Hibernation            Hexes/Ice                    2
   Confuse                            Hexes                        3
   Dazzling Spray                     Conjuration/Hexes            3
   Enslavement                        Hexes                        4


   Skills:
 + Level 1.0 Short Blades
 + Level 1.5 Dodging
 + Level 4.6 Stealth
 + Level 2.0 Spellcasting
 + Level 3.0 Hexes


You had 3 spell levels left.
You knew the following spells:

 Your Spells              Type           Power        Failure   Level  Hunger
a - Corona                Hex            ##.....      8%          1    #......


Dungeon Overview and Level Annotations

Branches:
Dungeon (1/15)

Altars:
Xom


Innate Abilities, Weirdness & Mutations

You cannot wear boots.
You can spit poison.
You have supernaturally acute eyesight.
Armour fits poorly on your strangely shaped body.
Your system is resistant to poisons.
You cover ground very slowly.


Message History

Casting: Corona
Confirm with . or Enter, or press ? or * to list all spells.
Aiming: Corona
Press: ? - help, Shift-Dir - straight line, f - hobgoblin
Aim: a hobgoblin, wielding a club and wearing a scale mail The hobgoblin struggles to resist.
A giant cockroach comes into view.
You hit the hobgoblin but do no damage. The hobgoblin hits you with a club.
You hit the hobgoblin but do no damage. The hobgoblin hits you with a club.
You barely miss the hobgoblin. The hobgoblin barely misses you.
You barely miss the hobgoblin. The hobgoblin closely misses you.
You hit the hobgoblin but do no damage. The hobgoblin hits you with a club!
Ouch! That really hurt!
* * * LOW HITPOINT WARNING * * *
You hit the hobgoblin.
The hobgoblin is heavily wounded.
You hit the hobgoblin but do no damage.
The hobgoblin is heavily wounded.
The hobgoblin hits you with a club.
You die...

#.#.........#.# #.##..#
#.#.#
#.#######...#.###.##..#
#.#.# #.#
##...##.....##..# #.#.#
###.## ##...##########..#
#.#.# #..).###...## ...#
#.#.. #.....#...## #..#
#.## #........## ...#
+........##########.....#
#.<.............@gs..#
#.........########.......
########### .(... ....
##.


You could see a giant cockroach and a hobgoblin.

Vanquished Creatures
  A goblin (D:1)
  A jackal (D:1)
  A rat (D:1)
3 creatures vanquished.

Notes
Turn   | Place    | Note
--------------------------------------------------------------
     0 | D:1      | Kashira, the Naga Enchanter, began the quest for the Orb.
     0 | D:1      | Reached XP level 1. HP: 15/15 MP: 3/3
   338 | D:1      | Found a shimmering altar of Xom.
   338 | D:1      | Found a shimmering altar of Xom.
   340 | D:1      | Found a shimmering altar of Xom.
   340 | D:1      | Found a shimmering altar of Xom.
   341 | D:1      | Found a shimmering altar of Xom.
   341 | D:1      | Found a shimmering altar of Xom.
   341 | D:1      | Found a shimmering altar of Xom.
   341 | D:1      | Found a shimmering altar of Xom.
   341 | D:1      | Found a shimmering altar of Xom.
   415 | D:1      | Slain by a hobgoblin

Action                   || total
-------------------------++-------
Melee: Dagger            ||    28
 Cast: Corona            ||     5
